 Dungeon Crawl Stone Soup version 0.19-a0-1849-g2383789 (webtiles) character file.

1065 Djon the Basher (level 8, -3/46 HPs)
             Began as a Gargoyle Fighter on Oct 10, 2016.
             Was a Follower of Cheibriados.
             Slain by an orc warrior
             ... wielding a +0 battleaxe
              (12 damage)
             ... on level 5 of the Dungeon.
             The game lasted 00:07:24 (4651 turns).

Djon the Basher (Gargoyle Fighter)                  Turns: 4651, Time: 00:07:25

Health: -3/46      AC: 15    Str: 32    XL:     8   Next: 27%
Magic:  8/8        EV:  4    Int: 13    God:    Cheibriados [*.....]
Gold:   383        SH: 17    Dex: 11    Spells: 1 memorised, 5 levels left

rFire  . . .     SeeInvis .     a - +0 flail
rCold  . . .     Gourm    .     s - +0 chain mail
rNeg   + . .     Faith    .     l - +1 large shield {reflect}
rPois  ∞         Spirit   .     (no helmet)
rElec  +         Dismiss  .     D - +0 cloak
rCorr  .         Reflect  +     (no gloves)
MR     .....     Harm     .     (no boots)
Stlth  ..........               C - amulet of regeneration
                                v - +5 ring of strength
                                q - ring of wizardry

@: mighty, very slow
A: negative energy resistance 1, electricity resistance, unbreathing,
petrification resistance, rot immunity, AC +5
a: Bend Time, Renounce Religion


You were on level 5 of the Dungeon.
You worshipped Cheibriados.
Cheibriados was aware of your devotion.
You were hungry.

You visited 2 branches of the dungeon, and saw 9 of its levels.

You collected 383 gold pieces.

Inventory:

Hand Weapons
 a - a +0 flail (weapon)
Armour
 l - a +1 large shield of reflection (worn)
 s - a +0 chain mail (worn)
 D - a +0 cloak (worn)
Jewellery
 q - a ring of wizardry (left hand)
 v - a +5 ring of strength (right hand)
 C - an amulet of regeneration (around neck)
Wands
 y - a wand of iceblast (7/15)
 A - a wand of flame (22/48)
Scrolls
 g - 3 scrolls of identify {unknown}
 j - 2 scrolls of noise {unknown}
 m - 3 scrolls of remove curse {unknown}
 n - a scroll of amnesia {unknown}
 o - 2 scrolls of blinking {unknown}
 p - a scroll of enchant armour {unknown}
 r - a scroll of recharging {unknown}
 x - a scroll of enchant weapon {unknown}
Potions
 b - a potion of heal wounds {unknown}
 d - a potion of might
 e - 2 potions of brilliance {unknown}
 k - a potion of mutation {unknown}
 t - a potion of magic {unknown}
 w - a potion of flight {unknown}
 z - a potion of haste {unknown}
 B - a potion of ambrosia {unknown}
Books
 i - a book of Air

   Spells                             Type                      Level
   a - Shock                          Conjuration/Air              1
   b - Swiftness                      Charms/Air                   2
   c - Repel Missiles                 Charms/Air                   2
   d - Static Discharge               Conjuration/Air              3
   e - Lightning Bolt                 Conjuration/Air              5
Comestibles
 c - a royal jelly
 f - 5 bread rations
 h - 5 meat rations
 u - 2 beef jerkies


   Skills:
 - Level 3.2 Fighting
 + Level 9.6 Maces & Flails
 - Level 3.2 Armour
 - Level 3.2 Shields


You had 5 spell levels left.
You knew the following spells:

 Your Spells              Type           Power        Failure   Level  Hunger
a - Repel Missiles        Chrm/Air       #.....       100%        2    ###....


Dungeon Overview and Level Annotations

Branches:
Dungeon (8/15)             Temple (1/1) D:4
   Lair: D:8-11

Altars:
Ashenzari
Cheibriados
Dithmenos
Elyvilon
Fedhas
Gozag
Hepliaklqana
Kikubaaqudgha
Makhleb
Okawaru
Qazlal
Sif Muna
Vehumet
Xom
Zin
The Shining One

Shops:
D:4 [


Innate Abilities, Weirdness & Mutations

You are resistant to torment.
Your stone body is resilient. (AC +5)
You are immune to poison.
You resist negative energy. (rN+)
You are resistant to electric shocks. (rElec)
You can survive without breathing.
You are immune to petrification.
You are immune to rotting.


Message History

You block the orc warrior's attack. You block the orc warrior's attack.
There is a stone staircase leading up here.
You climb upwards.
There is a stone staircase leading down here.
You block the orc warrior's attack. You block the orc warrior's attack.
You block the orc warrior's attack.
The orc warrior hits you with a battleaxe!
You block the orc warrior's attack. You block the orc warrior's attack.
You feel very mighty all of a sudden.
Your shield prevents you from hitting the orc warrior.
The orc warrior is moderately wounded.
The orc warrior hits you with a battleaxe!
* * * LOW HITPOINT WARNING * * *
You hit the orc warrior.
The orc warrior is moderately wounded.
The orc warrior hits you with a battleaxe!
You die...

#'##
#............#........# #.
♣.♣
#............#############.
)♣♣
#..........................
)♣
#...........###############
♣♣ ##.........## .♣♣
##.######.# ..♣♣ #.# #.#
...♣ #.# #.# ...# #.# #@#
...######.# #o# .......##.#
#.# #..###.##.######.#
##.#.............#
#.#.#.##.#############
##.#.#.##.............#
...#.#..#.###.........#
...#.##.#.#
#.........#######


You could see an orc warrior.

Vanquished Creatures
  A hippogriff (D:7)
  A black bear (D:7)
  2 ice beasts (D:5)
  An ogre (D:5)
  2 bullfrogs
  A scorpion (D:4)
  A howler monkey (D:5)
  A hound (D:4)
  Crazy Yiuf (D:5)
  A bullfrog skeleton (D:4)
  2 orc wizards
  A killer bee zombie (D:5)
  A hound zombie (D:6)
  3 adders
  A howler monkey skeleton (D:7)
  An ooze (D:2)
  An adder skeleton (D:4)
  3 worms
  A dart slug (D:1)
  3 leopard geckos
  16 orcs
  A ball python (D:1)
  A giant cockroach (D:4)
  7 goblins
  10 hobgoblins
  6 jackals
  5 kobolds
  2 quokkas
  6 bats
  6 frilled lizards
  A jackal skeleton (D:5)
  2 rats
92 creatures vanquished.

Vanquished Creatures (others)
  A jackal (D:3)
  A bat (D:3)
2 creatures vanquished.

Grand Total: 94 creatures vanquished

Notes
Turn   | Place    | Note
-------+----------+-------------------------------------------
     0 | D:1      | Djon the Gargoyle Fighter began the quest for the Orb.
     0 | D:1      | Reached XP level 1. HP: 14/14 MP: 1/1
     4 | D:1      | Noticed a black mamba
     7 | D:1      | Noticed an eight-headed hydra
   149 | D:1      | Reached XP level 2. HP: 15/19 MP: 2/2
   283 | D:1      | Reached skill level 3 in Maces & Flails
   908 | D:2      | Reached XP level 3. HP: 23/23 MP: 3/3
  1138 | D:2      | Found a blossoming altar of Fedhas.
  1340 | D:2      | Reached skill level 4 in Maces & Flails
  1894 | D:2      | Reached XP level 4. HP: 26/28 MP: 4/4
  2369 | D:3      | Found a radiant altar of Vehumet.
  2751 | D:3      | Reached skill level 5 in Maces & Flails
  2862 | D:4      | Reached XP level 5. HP: 28/32 MP: 5/5
  2906 | D:4      | Found a staircase to the Ecumenical Temple.
  2916 | Temple   | Entered the Ecumenical Temple
  2961 | Temple   | Became a worshipper of Cheibriados the Contemplative
  3266 | D:4      | Reached skill level 6 in Maces & Flails
  3266 | D:4      | Reached XP level 6. HP: 31/37 MP: 6/6
  3361 | D:4      | Found Ycsigen's Armour Emporium.
  3448 | D:5      | Entered Level 5 of the Dungeon
  3484 | D:5      | Noticed an ice beast
  3498 | D:5      | Killed an ice beast
  3742 | D:5      | Reached skill level 7 in Maces & Flails
  3767 | D:5      | Reached * piety under Cheibriados
  3767 | D:5      | Reached XP level 7. HP: 25/41 MP: 7/7
  3994 | D:5      | Found a shadowy altar of Dithmenos.
  4045 | D:5      | Learned a level 2 spell: Repel Missiles
  4096 | D:5      | You fall through a shaft for 3 floors!
  4109 | D:7      | Reached skill level 8 in Maces & Flails
  4139 | D:7      | Noticed a hippogriff
  4151 | D:7      | Killed a hippogriff
  4151 | D:7      | Reached skill level 9 in Maces & Flails
  4151 | D:7      | Reached XP level 8. HP: 27/46 MP: 8/8
  4267 | D:5      | Found a runed door.
  4535 | D:5      | Noticed Crazy Yiuf
  4542 | D:5      | Killed Crazy Yiuf
  4651 | D:5      | Slain by an orc warrior

Vault maps used:
D:1:      sevenhm_arrival_forest_fort_small_2, serial_corexii_hall,
          corexii_hall_statues_i, corexii_hall_statues_i,
          corexii_hall_statues_i, hangedman_decor_push
D:2:      old_standard_altar
D:3:      fiery_altar_vehumet, st_stairs_3
D:4:      serial_shops, nicolae_shop_behind_doors, first_bread
D:5:      grunt_dithmenos_smoke, uniq_crazy_yiuf_cottage
D:6:      nicolae_ru_awakened_eye
D:7:      lemuel_zombie_altar_yredelemnul, eat_drink_and_be_merry_uskayaw,
          lemuel_doored_altar
D:8:      tgw_trog, special_room
Temple:   nicolae_temple_god_jail

Skill      XL: |  1  2  3  4  5  6  7 |
---------------+----------------------+-----
Maces & Flails | 3 4 5 6 7 9 |  9.6
Fighting       | |  3.2
Armour         | |  3.2
Shields        | |  3.2

Action                   |  1- 3 |  4- 6 |  7- 9 || total
-------------------------+-------+-------+-------++-------
Melee: Flail             |   167 |   216 |    82 ||   465
  Use: Potion            |       |       |     1 ||     1
  Eat: Chunk             |     3 |     7 |     1 ||    11
Armor: Scale mail        |    54 |    48 |       ||   102
       Chain mail        |       |    73 |    28 ||   101
Dodge: Dodged            |    47 |    19 |    12 ||    78
Block: Shield            |    54 |       |       ||    54
       Large shield      |    54 |   212 |    82 ||   348
       Reflection        |       |     1 |     1 ||     2
